 Dungeon Crawl Stone Soup version 0.29-a0-352-g0917bc69df (webtiles) character file.

Game seed: 11905246940545476880

184 spaghetti the Covert (level 5, 0/47 HPs)
             Began as a Gnoll Delver on Apr 25, 2022.
             Slain by a water moccasin (3 damage)
             ... on level 5 of the Dungeon.
             The game lasted 00:01:28 (154 turns).

spaghetti the Covert (Gnoll Delver)                  Turns: 154, Time: 00:01:29

Health: 0/47       AC:  3    Str: 12    XL:     5   Next: 64%
Magic:  6/7        EV: 13    Int: 11    God:
Gold:   33         SH:  0    Dex: 13    Spells: 7/7 levels left

rFire   . . .      SeeInvis .   j - +1 glaive (freeze) {polearm}
rCold   . . .      Faith    .   (shield currently unavailable)
rNeg    . . .      Spirit   .   b - +0 leather armour
rPois   .          Reflect  .   (no helmet)
rElec   .          Harm     .   (no cloak)
rCorr   .          Rampage  .   (no gloves)
Will    .....                   (no boots)
Stlth   ++++......              (no amulet)
HPRegen 0.15/turn               (no ring)
MPRegen 0.10/turn               (no ring)

@: mighty
A: fangs 1, strong nose, distributed training
a: no special abilities


You were on level 5 of the Dungeon.
You visited 1 branch of the dungeon, and saw 1 of its levels.

You collected 33 gold pieces.


Innate Abilities, Weirdness & Mutations

You have very sharp teeth.
Your uncanny sense of smell can sniff out nearby items.
Your experience applies equally to all skills.


   Skills:
 + Level 6.7 Fighting
 + Level 4.8 Short Blades
 + Level 1.6 Long Blades
 + Level 1.6 Axes
 + Level 1.6 Maces & Flails
 + Level 1.6 Polearms
 + Level 1.6 Staves
 + Level 1.6 Slings
 + Level 1.6 Bows
 + Level 1.6 Crossbows
 + Level 1.6 Throwing
 + Level 1.6 Armour
 + Level 4.8 Dodging
 + Level 9.7 Stealth
 + Level 1.6 Shields
 + Level 1.6 Unarmed Combat
 + Level 1.6 Spellcasting
 + Level 1.2 Conjurations
 + Level 1.2 Hexes
 + Level 1.2 Summonings
 + Level 1.2 Necromancy
 + Level 1.2 Translocations
 + Level 1.2 Transmutations
 + Level 1.2 Fire Magic
 + Level 1.2 Ice Magic
 + Level 1.2 Air Magic
 + Level 1.2 Earth Magic
 + Level 1.2 Poison Magic
 + Level 1.8 Invocations
 + Level 1.6 Evocations


You had 7 spell levels left.
You didn't know any spells.
Your spell library was empty.

Inventory:

Hand Weapons
 a - a +0 short sword {short}
 j - a +1 glaive of freezing (weapon) {polearm}
   (You took it off Blork the orc on level 5 of the Dungeon)
Armour
 b - a +0 leather armour (worn)
 k - a +0 robe
   (You took it off Blork the orc on level 5 of the Dungeon)
Wands
 g - a wand of digging (3)
Scrolls
 c - a scroll of fog
 d - a scroll of magic mapping {!r}
 e - a scroll of fear
 h - a scroll of identify {unknown}
Potions
 f - a potion of haste {@q3}

Dungeon Overview and Level Annotations

Branches:
Dungeon (5/15)
 Temple: D:4-7

Altars:
Zin

#### ###.....
####.......
#..ยง<#.####
#.##......# โˆ† #
#S..##.#. #@W......
#....#.#. .....#.#
#. #^####โ€ .#.# #.
#.......#.# #.###
#######.#.# #...#
..........#
#...#########.#.#.#
#...##............#


You could see a water moccasin and a phantom.


Message History

You now have 33 gold pieces (gained 11).
You see here a +0 morningstar {mace}.
Key pressed, stopping explore.
A black bear comes into view. ๐Ÿ˜Ž HP[+5] MP[+3]
Your hp is fully restored (41).
Your mp is fully restored (5).
A black bear is nearby!
A black bear is nearby!
A black bear is nearby!
A black bear is nearby!
A phantom comes into view.
A water moccasin comes into view.
Found a stone staircase leading up.
You reach to attack!
You slash the black bear! You freeze the black bear. You slash the black bear!
You freeze the black bear.
You kill the black bear!
The water moccasin bites you.
You have reached level 5! ๐Ÿ˜• HP[+1]
You now have 47 max hp (+6).
You are too injured to fight recklessly!
You are too injured to fight recklessly!
You are too injured to fight recklessly!
You are too injured to fight recklessly!
You are too injured to fight recklessly!
You are too injured to fight recklessly!
You are too injured to fight recklessly!
You are too injured to fight recklessly!
You are too injured to fight recklessly!
You are too injured to fight recklessly!
You are too injured to fight recklessly!
You are too injured to fight recklessly!
You are too injured to fight recklessly!
You are too injured to fight recklessly!
You are too injured to fight recklessly!
You are too injured to fight recklessly!
You are too injured to fight recklessly!
You are too injured to fight recklessly!
You are too injured to fight recklessly!
You are too injured to fight recklessly!
You are too injured to fight recklessly!
You are too injured to fight recklessly!
You are too injured to fight recklessly!
You are too injured to fight recklessly!
You are too injured to fight recklessly!
You are too injured to fight recklessly!
You are too injured to fight recklessly!
You barely miss the water moccasin. The water moccasin bites you.
The water moccasin closely misses you.
The phantom barely misses you. ๐Ÿ˜• HP[-6]
You take 6 damage, and now have 36/47 hp.
You miss the water moccasin. The water moccasin barely misses you.
The water moccasin misses you.
The phantom hits you but does no damage.
The water moccasin bites you. ๐Ÿ˜ฎ HP[-2]
You take 2 damage, and now have 34/47 hp.
You closely miss the water moccasin. The water moccasin misses you.
The phantom closely misses you. The water moccasin barely misses you.
The phantom barely misses you.
You hit the water moccasin.
The water moccasin seems to slow down.
You freeze the water moccasin. Your bite misses the water moccasin.
The phantom barely misses you.
The water moccasin bites you. ๐Ÿ˜ฎ HP[-2]
You take 2 damage, and now have 32/47 hp.
You closely miss the water moccasin. The phantom hits you.
The water moccasin bites you!
* * * LOW HITPOINT WARNING * * *
The phantom hits you.
* * * LOW HITPOINT WARNING * * *
The water moccasin bites you.
* * * LOW HITPOINT WARNING * * *
๐Ÿ˜จ HP[-20]
You take 20 damage, and now have 12/47 hp.
MASSIVE DAMAGE!! (PAUSE) It was a potion of might.
You feel very mighty all of a sudden.
The water moccasin is no longer moving slowly.
The phantom hits you.
* * * LOW HITPOINT WARNING * * *
The phantom blinks!
You blink. ๐Ÿ˜ฑ HP[-3]
You take 3 damage, and now have 9/47 hp.
You miss the phantom. You bite the phantom. The phantom closely misses you.
The phantom barely misses you. ๐Ÿ˜ฑ MP[+1]
You barely miss the phantom. The phantom hits you.
* * * LOW HITPOINT WARNING * * *
The phantom blinks!
You blink.
The water moccasin closely misses you. ๐Ÿ˜ฑ HP[-5]
You take 5 damage, and now have 4/47 hp.
Unknown command.
You miss the phantom. The water moccasin barely misses you.
The phantom hits you.
* * * LOW HITPOINT WARNING * * *
The water moccasin bites you.
You die...

Skill      XL: |  1  2  3  4 |
---------------+-------------+-----
Stealth        | |  9.7
Long Blades    | 1 |  1.6
Axes           | 1 |  1.6
Maces & Flails | 1 |  1.6
Polearms       | 1 |  1.6
Staves         | 1 |  1.6
Slings         | 1 |  1.6
Bows           | 1 |  1.6
Crossbows      | 1 |  1.6
Throwing       | 1 |  1.6
Armour         | 1 |  1.6
Shields        | 1 |  1.6
Unarmed Combat | 1 |  1.6
Spellcasting   | 1 |  1.6
Invocations    | 1 |  1.8
Evocations     | 1 |  1.6
Conjurations   | 1 |  1.2
Hexes          | 1 |  1.2
Summonings     | 1 |  1.2
Necromancy     | 1 |  1.2
Translocations | 1 |  1.2
Transmutations | 1 |  1.2
Fire Magic     | 1 |  1.2
Ice Magic      | 1 |  1.2
Air Magic      | 1 |  1.2
Earth Magic    | 1 |  1.2
Poison Magic   | 1 |  1.2
Fighting       | |  6.7
Short Blades   | |  4.8
Dodging        | |  4.8

Action                   |  1- 3 |  4- 6 || total
-------------------------+-------+-------++-------
Melee: Short sword       |     3 |       ||     3
       Glaive            |       |    13 ||    13
       Bite              |       |     1 ||     1
  Use: Potion            |       |     1 ||     1
 Stab: Sleeping          |     1 |     1 ||     2
Armor: Leather armour    |       |     2 ||     2
Dodge: Dodged            |     1 |    14 ||    15

Levels and vault maps discovered:
D:5:      layout_basic, zin_scriptorium, chei_slow_surprise,
          grunt_dithmenos_smoke_and_mirrors, mainiacjoe_overflow_alcove_1,
          uniq_blork_the_orc

Notes
Turn   | Place    | Note
-------+----------+-------------------------------------------
     0 | D:5      | Reached skill level 9 in Stealth
     0 | D:5      | spaghetti the Gnoll Delver began the quest for the Orb.
     0 | D:5      | Reached XP level 1. HP: 23/23 MP: 1/1
     0 | D:5      | magus.rc [v1.9.6]
    21 | D:5      | Found a glowing silver altar of Zin.
    53 | D:5      | Noticed Blork the orc
    54 | D:5      | Noticed a hound
    58 | D:5      | Killed Blork the orc
    59 | D:5      | Reached skill level 1 in Long Blades
    59 | D:5      | Reached skill level 1 in Axes
    59 | D:5      | Reached skill level 1 in Maces & Flails
    59 | D:5      | Reached skill level 1 in Polearms
    59 | D:5      | Reached skill level 1 in Staves
    59 | D:5      | Reached skill level 1 in Slings
    59 | D:5      | Reached skill level 1 in Bows
    59 | D:5      | Reached skill level 1 in Crossbows
    59 | D:5      | Reached skill level 1 in Throwing
    59 | D:5      | Reached skill level 1 in Armour
    59 | D:5      | Reached skill level 1 in Shields
    59 | D:5      | Reached skill level 1 in Unarmed Combat
    59 | D:5      | Reached skill level 1 in Spellcasting
    59 | D:5      | Reached skill level 1 in Invocations
    59 | D:5      | Reached skill level 1 in Evocations
    59 | D:5      | Reached XP level 2. HP: 29/29 MP: 1/3
    59 | D:5      | Reached XP level 3. HP: 35/35 MP: 1/4
    59 | D:5      | Reached XP level 4. HP: 41/41 MP: 1/5
    70 | D:5      | Reached skill level 1 in Conjurations
    70 | D:5      | Reached skill level 1 in Hexes
    70 | D:5      | Reached skill level 1 in Summonings
    70 | D:5      | Reached skill level 1 in Necromancy
    70 | D:5      | Reached skill level 1 in Translocations
    70 | D:5      | Reached skill level 1 in Transmutations
    70 | D:5      | Reached skill level 1 in Fire Magic
    70 | D:5      | Reached skill level 1 in Ice Magic
    70 | D:5      | Reached skill level 1 in Air Magic
    70 | D:5      | Reached skill level 1 in Earth Magic
    70 | D:5      | Reached skill level 1 in Poison Magic
   140 | D:5      | Noticed a black bear
   141 | D:5      | Noticed a phantom
   142 | D:5      | Noticed a water moccasin
   145 | D:5      | Killed a black bear
   146 | D:5      | Reached XP level 5. HP: 42/47 MP: 5/7
   151 | D:5      | HP: 9/47 [phantom (3)]
   153 | D:5      | HP: 4/47 [phantom (6)]
   154 | D:5      | Slain by a water moccasin

Vanquished Creatures
  A black bear (D:5)
  Blork the orc (D:5)
  A hound (D:5)
3 creatures vanquished.

Table legend:
 A = Non-vault XP
 B = Vault XP
 C = Vault XP percentage of total XP
 D = Non-vault monster count
 E = Vault monster count
 F = Vault count percentage of total count
                 A         B        C        D         E       F
            +---------+---------+-------+---------+---------+-------
      Total |     168 |      96 |  36.4 |       2 |       1 |  33.3
            +---------+---------+-------+---------+---------+-------
        D:5 |     168 |      96 |  36.4 |       2 |       1 |  33.3
            +---------+---------+-------+---------+---------+-------

Illustrated notes

Table legend:
 A = Kills in this place as a percentage of kills in entire the game.
 B = Kills by you in this place as a percentage of kills by you in the entire game.
 C = Kills by friends in this place as a percentage of kills by friends in the entire game.
 D = Other kills in this place as a percentage of other kills in the entire game.
 E = Experience gained in this place as a percentage of experience gained in the entire game.
 F = Experience gained in this place divided by the number of levels of this place that you have seen.
                   A       B       C       D       E      F
               +-------+-------+-------+-------+-------+----------------------
         Total | 100.0 | 100.0 |   N/A |   N/A | 100.0 | 264.0
       Dungeon | 100.0 | 100.0 |   N/A |   N/A | 100.0 | 264.0
               +-------+-------+-------+-------+-------+----------------------

Table legend: (Time is in decaauts)
 A = Elapsed time spent in this place.
 B = Non-inter-level travel time spent in this place.
 C = Inter-level travel time spent in this place.
 D = Time resting spent in this place.
 E = Time spent auto-exploring this place.
 F = Levels seen in this place.
 G = Mean time per level.
                   A        B        C        D        E       F      G
               +--------+--------+--------+--------+--------+-----+--------+
         Total |    160 |    160 |      0 |      0 |    120 |   1 |  160.0 |
       Dungeon |    160 |    160 |      0 |      0 |    120 |   1 |  160.0 |
               +--------+--------+--------+--------+--------+-----+--------+

Top non-repeatable levels by time:
     D:5: 160 daAuts
